AoeStats
← CeramicGoose42

Scandinavia

510611507Analyzed
1v1 RM · 1d ago on Oct 1, 2026· 34m 45s· 2 players
Game mode
Random Map
Map size
Tiny (2 player)
Population
200
Speed
Normal
Resources
Standard
Victory
Conquest
Starting age
Dark Age
Ending age
Imperial Age
RankedLock teamsTeams togetherTeam positionsShared explorationLock speedFull tech treeHidden civsTurbo modeCheats
Victory
Defeat
🇧🇴 Lithuanians · Bolivia
913
+16
🇷🇴 Danes · Romania
903
-16
CeramicGoose42
6:42 Loom
13:19 Feudal Age
13:51 Man-at-Arms
14:40 Town Watch
16:52 Wheelbarrow
16:21 Arson
17:19 Forging
19:03 Gold Mining
22:02 Castle Age
20:53 Scale Mail Armor
23:03 Hand Cart
22:48 Town Patrol
22:37 Double-Bit Axe
22:34 Horse Collar
23:37 Gold Shaft Mining
23:35 Heavy Plow
23:26 Gambesons
24:05 Long Swordsman
25:33 Chain Mail Armor
29:38 Pikeman
Edcastillo
10:50 Feudal Age
11:31 Double-Bit Axe
18:37 Castle Age
17:08 Stone Mining
18:08 Gold Mining
20:22 Forging
20:04 Man-at-Arms
22:01 Loom
22:47 Long Swordsman
25:47 Scale Mail Armor
29:38 Iron Casting
33:22 Chain Mail Armor
33:13 Scale Barding Armor
Connection lost

Rejoining the realm…

Still unreachable

The connection could not be restored.

Session expired

The server has moved on; the page needs a fresh start.